 Dungeon Crawl Stone Soup version 0.27.0-1-g7a089689b8 (webtiles) character file.

Game seed: 8395144858208581306

3437 Delamore the Slicer (level 10, -15/66 HPs)
             Began as an Octopode Brigand on Aug 10, 2021.
             Was an Initiate of Gozag.
             Killed from afar by Erica (18 damage)
             ... with a lance of force
             ... on level 8 of the Dungeon.
             The game lasted 00:08:27 (7555 turns).

Delamore the Slicer (Octopode Brigand)              Turns: 7555, Time: 00:08:28

Health: -15/66     AC:  1    Str: 17    XL:     10   Next: 5%
Magic:  10/10      EV: 16    Int: 13    God:    Gozag
Gold:   736        SH:  0    Dex: 23    Spells: 9/9 levels left

rFire    . . .     SeeInvis .   h - +4 rapier (venom)
rCold    + . .     Faith    .   (no shield)
rNeg     . . .     Spirit   .   (helmet restricted)
rPois    .         Reflect  .   (no amulet)
rElec    .         Harm     .   l - +6 ring of dexterity
rCorr    +         Rampage  .   u - ring of resist corrosion
Will     .....                  x - +6 ring of strength
Stlth    +++++.....             z - ring of protection from cold
HPRegen  0.21/turn              (no ring)
MPRegen  0.12/turn              (no ring)
                                (no ring)
                                (no ring)

@: lethally poisoned (-15 -> -25), gold aura
A: almost no armour, amphibious, 8 rings, camouflage 1, gelatinous body 1,
(nimble swimmer 1), tentacles
a: Renounce Religion, Potion Petition, Call Merchant, Bribe Branch


You were on level 8 of the Dungeon.
You worshipped Gozag.
Gozag was pleased with you.
You visited 2 branches of the dungeon, and saw 9 of its levels.

You collected 858 gold pieces.
You paid 122 gold pieces to Gozag.

Inventory:

Hand Weapons
 a - a +2 dagger
 h - a +4 rapier of venom (weapon)
Missiles
 b - 15 poisoned darts (quivered)
 c - 2 curare-tipped darts
 o - 3 boomerangs
Jewellery
 i - an amulet of faith
 l - a +6 ring of dexterity (left tentacle)
 u - a ring of resist corrosion (right tentacle)
 w - a ring of ice
 x - a +6 ring of strength (on tentacle)
 z - a ring of protection from cold (on tentacle)
Wands
 k - a wand of acid (19)
Scrolls
 p - 2 scrolls of noise {unknown}
 r - a scroll of teleportation
 s - 2 scrolls of summoning
 t - a scroll of enchant armour
 v - a scroll of amnesia
 y - a scroll of fear
 A - a scroll of magic mapping
Potions
 d - 3 potions of lignification
 e - a potion of might
 f - a potion of degeneration {unknown}
 g - a potion of brilliance {unknown}
 j - a potion of haste {unknown}
 n - 3 potions of curing
 q - a potion of flight {unknown}


   Skills:
 - Level 5.0 Fighting
 * Level 11.2 Short Blades
 + Level 3.8 Throwing
 - Level 5.0 Dodging
 + Level 7.2 Stealth


You had 9 spell levels left.
You didn't know any spells.
Your spell library contained the following spells:

 Spells                   Type           Power      Damage    Failure   Level
 Freeze                   Ice            0%         1d3       30%         1
 Summon Small Mammal      Summ           0%         N/A       30%         1
 Call Canine Familiar     Summ           0%         N/A       67%         3
 Ozocubu's Armour         Ice            0%         N/A       67%         3
 Portal Projectile        Hex/Tloc       0%         N/A       67%         3
 Leda's Liquefaction      Hex/Erth       0%         N/A       97%         4
 Ozocubu's Refrigeration  Ice            0%         4d5       100%        7


Dungeon Overview and Level Annotations

Branches:
Dungeon (8/15)             Temple (1/1) D:5
   Lair: D:8-11

Altars:
Ashenzari
Dithmenos
Elyvilon
Fedhas
Gozag
Hepliaklqana
Kikubaaqudgha
Makhleb
Nemelex Xobeh
Okawaru
Qazlal
Sif Muna
Trog
Uskayaw
Vehumet
Wu Jian
Xom
Yredelemnul
Zin
The Shining One

Shops:
D:5 =*   D:6 [   D:7 *

Annotations:
D:8 Erica


Innate Abilities, Weirdness & Mutations

You cannot wear most types of armour.
You are amphibious.
You can wear up to eight rings at the same time.
Your skin changes colour to match your surroundings (Stealth+).
Your rubbery body absorbs attacks. (AC +1, EV +1)
((You are camouflaged near water. (Stealth+)))
You have tentacles for arms and can constrict up to eight enemies at once.


Message History

The orc wizard barely misses you.
You hit the orc wizard.
The orc wizard is poisoned.
You grab the orc wizard. You squeeze the orc wizard.
The orc wizard is severely wounded.
You constrict the orc wizard. You barely miss the orc wizard.
You squeeze the orc wizard, but do no damage.
The orc wizard is almost dead.
You constrict the orc wizard. The orc wizard misses you.
You completely miss the orc wizard.
The orc wizard is almost dead.
You constrict the orc wizard.
You kill the orc wizard!
No target in view!
No target in view!
You start resting.
Something closely misses you.
You closely miss something. You squeeze something. You miss something.
You hear a shout!
You barely miss something. Something hits you! Something burns you.
You miss something. You squeeze something!
The sentinel's mark upon you fades away.
Something hits you! Something burns you.
You are too injured to fight recklessly!
You are too injured to fight recklessly!
You hear some strange, mumbled words.
A bolt of poison appears from out of thin air!
The bolt of poison hits you!!
You are poisoned.
* * * LOW HITPOINT WARNING * * *
* * * LOW HITPOINT WARNING * * *
You feel very sick.
* * * LOW HITPOINT WARNING * * *
You feel very sick.
You hear some strange, mumbled words.
A lance of force appears from out of thin air!
The lance of force hits you!!
You die...
Your body crumbles into a pile of gold.

..... ....###
o....# {o..#
#...#########
+...##oo{..@#
#.oo##o######
#...##.##>#
#...##o##.# $
#...##.##.########
##..$.........)..#
#####..##.#######
#..##.# #.....#


You could see 3 orcs.

Vanquished Creatures
  A two-headed ogre (D:6)
  Joseph (D:7)
  Eustachio (D:4)
  Menkaure (D:7)
  2 water moccasins (D:7)
  A hornet zombie (D:7)
  An ice beast (D:7)
  3 sky beasts
  An orc warrior (D:5)
  3 necrophages
  5 ogres
  A phantom (D:5)
  A kobold brigand (D:7)
  A scorpion (D:6)
  3 wights (D:7)
  A centaur zombie (D:7)
  A hound (D:5)
  A jelly (D:6)
  2 iguanas
  A gnoll shaman (D:6)
  2 orc wizards
  A hound zombie (D:5)
  A hound skeleton (D:3)
  9 gnolls
  6 adders
  2 white imps
  An adder skeleton (D:4)
  A worm (D:2)
  3 dart slugs
  9 orcs
  7 ball pythons
  6 endoplasms
  6 giant cockroaches
  10 goblins
  3 hobgoblins
  9 jackals
  13 kobolds
  3 quokkas
  7 bats
  A frilled lizard (D:1)
  16 rats
148 creatures vanquished.

Notes
Turn   | Place    | Note
-------+----------+-------------------------------------------
     0 | D:1      | Delamore the Octopode Brigand began the quest for the Orb.
     0 | D:1      | Reached XP level 1. HP: 14/14 MP: 1/1
   147 | D:1      | Reached XP level 2. HP: 19/19 MP: 2/2
   686 | D:1      | Reached XP level 3. HP: 25/25 MP: 3/3
  1134 | D:1      | Reached skill level 3 in Short Blades
  1746 | D:2      | Found a faded altar of an unknown god.
  1834 | D:2      | Reached XP level 4. HP: 30/30 MP: 4/4
  2712 | D:3      | Reached XP level 5. HP: 16/36 MP: 5/5
  2968 | D:3      | Identified a scroll of acquirement
  2968 | D:3      | Acquired a +2 rapier of venom
  3352 | D:4      | Reached skill level 4 in Short Blades
  3354 | D:4      | Noticed an ogre
  3362 | D:4      | Killed an ogre
  3535 | D:4      | Noticed Eustachio
  3537 | D:4      | Reached XP level 6. HP: 42/42 MP: 6/6
  3544 | D:4      | Killed Eustachio
  3545 | D:4      | Reached skill level 5 in Short Blades
  3713 | D:4      | You fall into a shaft and drop 2 floors!
  3722 | D:6      | Reached XP level 7. HP: 47/47 MP: 7/7
  3783 | D:5      | Entered Level 5 of the Dungeon
  3785 | D:5      | Found a staircase to the Ecumenical Temple.
  3794 | Temple   | Entered the Ecumenical Temple
  3882 | Temple   | Became a worshipper of Gozag Ym Sagoz the Greedy
  3937 | D:5      | Reached skill level 6 in Short Blades
  4302 | D:4      | Reached XP level 8. HP: 44/54 MP: 8/8
  4629 | D:5      | Reached skill level 5 in Fighting
  4629 | D:5      | Found Hurphati's Mass Market.
  4674 | D:5      | Found Nyif's Jewellery Shoppe.
  4683 | D:5      | Reached skill level 7 in Short Blades
  4976 | D:5      | Found a bloodstained altar of Trog.
  5001 | D:5      | Reached skill level 5 in Dodging
  5146 | D:5      | Found a shimmering blue altar of Sif Muna.
  5158 | D:5      | Got Sif Muna's Tome of Summoning and the Snowflakes
  5320 | D:6      | Noticed a two-headed ogre
  5700 | D:6      | Reached skill level 8 in Short Blades
  5904 | D:6      | Killed a two-headed ogre
  5905 | D:6      | Reached skill level 9 in Short Blades
  5905 | D:6      | Reached XP level 9. HP: 61/61 MP: 9/9
  6081 | D:6      | Found a white marble altar of Elyvilon.
  6085 | D:6      | Found a burning altar of Makhleb.
  6119 | D:6      | Found Icanaon's Antique Armour Boutique.
  6121 | D:6      | Found a broken altar of Ashenzari.
  6132 | D:6      | Found a shadowy altar of Dithmenos.
  6379 | D:7      | Reached skill level 10 in Short Blades
  6715 | D:7      | Found a basalt altar of Yredelemnul.
  6715 | D:7      | Found an iron altar of Okawaru.
  6716 | D:7      | Found a shimmering altar of Xom.
  6842 | D:7      | Noticed Joseph
  6851 | D:7      | Killed Joseph
  7198 | D:7      | Found Baif's Serpentskin Sales.
  7239 | D:7      | Noticed Menkaure
  7244 | D:7      | Killed Menkaure
  7245 | D:7      | Reached skill level 11 in Short Blades
  7322 | D:7      | Reached XP level 10. HP: 66/66 MP: 10/10
  7456 | D:8      | Noticed a kobold demonologist
  7525 | D:8      | Noticed Erica
  7555 | D:8      | HP: 3/66 [poisoned by Erica (bolt of poison)]
  7555 | D:8      | Killed from afar by Erica

Illustrated notes

Levels and vault maps discovered:
D:1:      mrwooster_arrival_arrow, layout_loops_corners, minmay_rat_gold_closets
D:2:      layout_basic, shapermc_ecumenical_altar_flowoftime,
          minmay_pentomino_s2
D:3:      layout_loops_corners, minivault_19, minmay_door_square,
          glass_columns_a
D:4:      layout_rooms, uniq_eustachio
D:5:      layout_rooms, nzn_overflow_gifts_of_might_and_magic,
          minmay_temple_entry_junction, minmay_shop_enchanted_jewellery,
          glass_columns_a, minmay_shop_mass
D:6:      layout_cave_pools, nicolae_overflow_hidden_temple, serial_shops, shop,
          kennysheep_cluttered_room
D:7:      layout_basic, gammafunk_temple_overflow_claw,
          chequers_serial_rivers_small_3, hex_tiny, guppyfry_shop_venom,
          uniq_joseph, uniq_menkaure
D:8:      layout_basic, kennysheep_little_box, serial_shops, shop, shop,
          minmay_evil_grid, uniq_erica
Temple:   minmay_temple_bridge_abc

Skill      XL: |  1  2  3  4  5  6  7  8  9 10 |
---------------+-------------------------------+-----
Short Blades   | 3 4 5 6 9 11 | 11.2
Dodging        | 2 3 4 5 |  5.0
Fighting       | 3 4 5 |  5.0
Throwing       | 3 |  3.8
Stealth        | 6 7 |  7.2

Action                   |  1- 3 |  4- 6 |  7- 9 | 10-12 || total
-------------------------+-------+-------+-------+-------++-------
Melee: Dagger            |    76 |    27 |       |       ||   103
       Constrict         |    13 |    13 |    25 |     4 ||    55
       Tentacles         |     2 |     9 |    34 |     7 ||    52
       Rapier            |       |    26 |   127 |    14 ||   167
Throw: Dart              |       |    26 |    45 |       ||    71
  Use: Scroll            |     3 |     3 |     6 |     2 ||    14
 Stab: Sleeping          |    21 |    11 |    17 |     1 ||    50
Armor: Skin              |     6 |       |     2 |       ||     8
Dodge: Dodged            |    28 |    23 |    75 |     6 ||   132
